 Dungeon Crawl Stone Soup version 0.31-a0-1074-g0b22e4e0f1 (webtiles) character file.

Game seed: 2284374281341487398

403 BubbleThief the Sneak (level 6, -1/32 HPs)
             Began as a Vine Stalker Enchanter on Dec 5, 2023.
             Was a Follower of Uskayaw.
             Slain by a gnoll
             ... wielding a +0 halberd
             ... led by a gnoll bouda
              (3 damage)
             ... on level 4 of the Dungeon.
             The game lasted 00:05:13 (2944 turns).

BubbleThief the Sneak (Vine Stalker Enchanter)      Turns: 2944, Time: 00:05:15

Health: -1/32      AC:  2    Str: 11    XL:     6   Next: 86%
Magic:  0/12       EV: 12    Int: 21    God:    Uskayaw [*.....]
Gold:   193        SH:  0    Dex: 16    Spells: 10/12 levels left

rFire   . . .        a - +1 dagger
rCold   . . .        (no shield)
rNeg    . . .        b - +0 robe
rPois   +            (no helmet)
rElec   .            h - scarf {shadows}
rCorr   .            (no gloves)
SInv    .            (no boots)
Will    .....        (no amulet)
Stlth   +++          D - +6 ring of intelligence
HPRegen 1.05/turn    r - ring of poison resistance
MPRegen 0.13/turn

%: guardian spirit
@: lethally poisoned (-1 -> -7)
A: fangs 2, regeneration 1, magic shield, antimagic bite, no potion heal 2
a: Renounce Religion, Stomp


You were on level 4 of the Dungeon.
You worshipped Uskayaw.
Uskayaw was noncommittal.
You visited 2 branches of the dungeon, and saw 5 of its levels.

You collected 193 gold pieces.

Inventory:

Hand Weapons
 a - a +1 dagger (weapon)
Missiles
 n - 3 darts of dispersal
Armour
 b - a +0 robe (worn)
 h - a scarf of shadows (worn)
 s - an orb of mayhem
Jewellery
 r - a ring of poison resistance (right hand)
 C - a ring of ice
 D - a +6 ring of intelligence (left hand)
Wands
 A - a wand of flame (11)
Scrolls
 i - a scroll of enchant armour {unknown}
 j - a scroll of vulnerability {unknown}
 k - a scroll of noise {unknown}
 l - 2 scrolls of poison {unknown}
 m - a scroll of amnesia {unknown}
 o - a scroll of fog {unknown}
 p - a scroll of brand weapon {unknown}
 q - 3 scrolls of identify {unknown}
 u - a scroll of blinking {unknown}
 x - a scroll of butterflies {unknown}
 y - a scroll of revelation {unknown}
 B - 2 scrolls of teleportation {unknown}
Potions
 c - 2 potions of invisibility
 d - a potion of enlightenment {unknown}
 f - 4 potions of might {unknown}
 g - a potion of resistance {unknown}
 t - 4 potions of curing {unknown}
 v - a potion of attraction {unknown}
 w - 2 potions of haste {unknown}
 z - a potion of lignification {unknown}


   Skills:
 + Level 2.4 Fighting
 + Level 2.7 Short Blades
 - Level 1.5 Dodging
 + Level 5.3 Stealth
 + Level 3.7 Spellcasting
 + Level 4.2 Hexes


You had 10 spell levels left.
You knew the following spells:

 Your Spells              Type           Power      Damage    Failure   Level
a - Ensorcelled Hibernat  Hex/Ice        24%        N/A       8%          2

Your spell library contained the following spells:

 Spells                   Type           Power      Damage    Failure   Level
 Confusing Touch          Hex            21%        N/A       7%          3
 Tukima's Dance           Hex            21%        N/A       7%          3
 Summon Small Mammal      Summ           12%        N/A       12%         1
 Dazzling Flash           Conj/Hex       24%        N/A       16%         3
 Summon Guardian Golem    Hex/Summ       12%        N/A       16%         3
 Scorch                   Fire           6%         2d5       19%         2
 Call Canine Familiar     Summ           3%         N/A       36%         3
 Flame Wave               Conj/Fire      3%         2d5       77%         4
 Summon Cactus Giant      Summ           1%         N/A       100%        6


Dungeon Overview and Level Annotations

Branches:
Dungeon (4/15)             Temple (1/1) D:4

Altars:
Ashenzari
Elyvilon
Gozag
Hepliaklqana
Kikubaaqudgha
Makhleb
Okawaru
Qazlal
Ru
Sif Muna
Trog
Uskayaw
Vehumet
Wu Jian
Yredelemnul
Zin
The Shining One


Innate Abilities, Weirdness & Mutations

You have extremely sharp teeth.
Your natural rate of healing is unusually fast.
When hurt, damage is shared between your health and your magic reserves.
Your bite disrupts and absorbs the magic of your enemies.
Potions cannot restore your health.


Message History

The gnoll looks drowsy...
The gnoll shouts!
You hear a shout!
Unknown command.
The helpless gnoll fails to defend itself.
You impale the gnoll!!
You kill the gnoll!
You can no longer pass through a line of other dancers.
Casting: Ensorcelled Hibernation (safe; 8% risk of failure)
Confirm with . or Enter, or press ? or * to list all spells.
Aiming: Ensorcelled Hibernation (safe; 8% risk of failure)
Press: ? - help, Shift-Dir - straight line, f - gnoll
Aim: a gnoll, wielding a +3 halberd of venom (chance to affect: 54%)
The gnoll looks drowsy...
Unknown command.
The gnoll hits you from afar with a +0 halberd.
The gnoll shouts!
You hit the gnoll.
The gnoll is moderately wounded.
The gnoll barely misses you. The gnoll completely misses you.
You hit the gnoll but do no damage.
The gnoll is moderately wounded.
The gnoll hits you from afar with a +0 halberd.
The gnoll hits you with a +3 halberd of venom!
You hit the gnoll but do no damage. You bite the gnoll. You drain its power.
You feel invigorated.
The gnoll is heavily wounded.
The gnoll barely misses you.
The gnoll hits you with a +3 halberd of venom!
* * * LOW HITPOINT WARNING * * *
Unknown command.
You barely miss the gnoll. Your bite misses the gnoll.
The gnoll is heavily wounded.
The gnoll closely misses you.
You hit the gnoll.
The gnoll is heavily wounded.
The gnoll hits you with a +3 halberd of venom!
* * * LOW HITPOINT WARNING * * *
You are lethally poisoned!
The gnoll hits you from afar with a +0 halberd.
You die...

...g...# ###
##......# P.PP...##
###.## #......#
g.PP...>## #....##
##......#
P....##..# ##....#
##..#..### ####
#.)##
#....###.######
##..## ##....#)##
##))..## #.....##
##......#####....##
#........gg@.....#
#......#########.#
##.....# ###
#######


You could see 2 gnolls.

Vanquished Creatures
  An ogre (D:4)
  A phantom (D:4)
  A scorpion (D:4)
  A jelly (D:4)
  A gnoll bouda (D:4)
  2 adders
  3 gnolls
  A worm (D:3)
  4 orcs
  10 ball pythons
  2 bats
  4 endoplasms
  4 giant cockroaches
  4 goblins
  6 hobgoblins
  2 jackals (D:2)
  3 quokkas
  7 frilled lizards
  6 kobolds
  4 rats
67 creatures vanquished.

Notes
Turn   | Place    | Note
-------+----------+-------------------------------------------
     0 | D:1      | BubbleThief the Vine Stalker Enchanter began the quest for
                  | the Orb.
     0 | D:1      | Reached XP level 1. HP: 9/9 MP: 4/4
    62 | D:1      | Reached skill level 1 in Short Blades
   206 | D:1      | Reached XP level 2. HP: 10/14 MP: 1/6
   292 | D:1      | Learned a level 2 spell: Ensorcelled Hibernation
   828 | D:1      | Reached skill level 4 in Stealth
   828 | D:1      | Reached XP level 3. HP: 17/17 MP: 7/7
  1002 | D:2      | Found a faded altar of an unknown god.
  1073 | D:2      | Reached skill level 1 in Fighting
  1670 | D:3      | Reached XP level 4. HP: 22/22 MP: 9/9
  2268 | D:4      | Noticed a phantom
  2308 | D:4      | Killed a phantom
  2309 | D:4      | Reached XP level 5. HP: 26/26 MP: 10/10
  2331 | D:4      | Found a staircase to the Ecumenical Temple.
  2342 | Temple   | Entered the Ecumenical Temple
  2369 | Temple   | Became a worshipper of Uskayaw the Reveller
  2447 | D:4      | Reached * piety under Uskayaw
  2641 | D:4      | Noticed an ogre
  2647 | D:4      | Reached ** piety under Uskayaw
  2652 | D:4      | Killed an ogre
  2653 | D:4      | Reached skill level 5 in Stealth
  2653 | D:4      | Reached XP level 6. HP: 30/30 MP: 10/12
  2944 | D:4      | Slain by a gnoll

Illustrated notes

Levels and vault maps discovered:
D:1:      amcnicky_arrival_gap_in_the_tavern_cellar, layout_basic,
          minmay_hedge_maze, minmay_misc_feat_alley
D:2:      layout_loops_ring, hellmonk_ecumenical_altar_run_dry
D:3:      layout_loops_ring, nrook_mini_backslash, chequers_jeans
D:4:      layout_cave_pods, minmay_temple_entry_hall, nicolae_grassy_gnolls
Temple:   bh_familiar_temple

Skill      XL: |  1  2  3  4  5 |
---------------+----------------+-----
Short Blades   | 1 2 |  2.7
Stealth        | 4 5 |  5.3
Fighting       | 1 2 |  2.4
Spellcasting   | 3 |  3.7
Hexes          | 4 |  4.2
Dodging        | |  1.5

Action                     |  1- 3 |  4- 6 || total
---------------------------+-------+-------++-------
  Melee: Dagger            |    94 |   116 ||   210
         Bite              |    22 |    27 ||    49
         Punch             |     1 |       ||     1
   Cast: Ensorcelled Hiber |     2 |     4 ||     6
   Stab: Sleeping          |    16 |    10 ||    26
 Armour: Robe              |    40 |    50 ||    90
  Dodge: Dodged            |    37 |    56 ||    93

Table legend: (Time is in decaauts)
 A = Elapsed time spent in this place.
 B = Non-inter-level travel time spent in this place.
 C = Inter-level travel time spent in this place.
 D = Time resting spent in this place.
 E = Time spent auto-exploring this place.
 F = Levels seen in this place.
 G = Mean time per level.
                   A        B        C        D        E       F      G
               +--------+--------+--------+--------+--------+-----+--------+
         Total |   2924 |   2810 |    114 |      0 |   2233 |   5 |  584.8 |
       Dungeon |   2870 |   2803 |     67 |      0 |   2233 |   4 |  717.5 |
        Temple |     53 |      6 |     47 |      0 |      0 |   1 |   53.0 |
               +--------+--------+--------+--------+--------+-----+--------+

Top non-repeatable levels by time:
     D:1: 863 daAuts
     D:3: 731 daAuts
     D:4: 664 daAuts
     D:2: 611 daAuts
  Temple: 53 daAuts
